 Dungeon Crawl Stone Soup version 0.26-a0-37-g50178cf (webtiles) character file.

Game seed: 8116704099326779990, levelgen mode: deterministic

161 thirtiethelement the Conjurer (level 5, -7/28 HPs)
             Began as a Deep Elf Conjurer on May 31, 2020.
             Killed by divine providence
             ... invoked by an orc priest
              (14 damage)
             ... on level 3 of the Dungeon.
             The game lasted 00:05:51 (2846 turns).

thirtiethelement the Conjurer (Deep Elf Conjurer)   Turns: 2846, Time: 00:05:51

Health: -7/28      AC:  2    Str:  5    XL:     5   Next: 19%
Magic:  0/13       EV: 13    Int: 21    God:
Gold:   81         SH:  0    Dex: 15    Spells: 10/13 levels left

rFire    . . .     SeeInvis .   (no weapon)
rCold    . . .     Gourm    .   (no shield)
rNeg     . . .     Faith    .   a - +0 robe
rPois    .         Spirit   .   (no helmet)
rElec    .         Reflect  .   (no cloak)
rCorr    .         Harm     .   (no gloves)
MR       .....                  (no boots)
Stlth    ++........             (no amulet)
HPRegen  0.09/turn              (no ring)
MPRegen  0.13/turn              (no ring)

@: no status effects
A: no striking features
a: no special abilities


You were on level 3 of the Dungeon.
You were not hungry.

You visited 1 branch of the dungeon, and saw 3 of its levels.

You collected 81 gold pieces.

Inventory:

Missiles
 d - 37 arrows
 m - 42 bolts
Armour
 a - a +0 robe (worn)
Jewellery
 f - an uncursed amulet of reflection {unknown}
Scrolls
 b - a scroll of identify {unknown}
Potions
 e - a potion of stabbing {unknown}
 h - 2 potions of curing {unknown}
 i - a potion of cancellation {unknown}
 j - 2 potions of might {unknown}
 k - a potion of ambrosia {unknown}
Comestibles
 c - 7 rations
 g - 4 chunks of flesh


   Skills:
 + Level 2.8 Dodging
 + Level 3.1 Stealth
 + Level 4.5 Spellcasting
 + Level 6.1 Conjurations


You had 10 spell levels left.
You knew the following spells:

 Your Spells              Type           Power        Failure   Level  Hunger
a - Magic Dart            Conj           ####         1%          1    None
b - Searing Ray           Conj           ####..       1%          2    #......

Your spell library contained the following spells:

 Spells                   Type           Power        Failure   Level  Hunger
 Conjure Flame            Conj/Fire      ###.....     10%         3    ##.....
 Dazzling Flash           Conj/Hex       ###...       10%         3    ##.....
 Mephitic Cloud           Conj/Pois/Air  ##......     14%         3    ##.....
 Blink                    Tloc           N/A          17%         2    #......
 Call Imp                 Summ           #.......     17%         2    #......
 Slow                     Hex            #.......     17%         2    #......
 Fulminant Prism          Conj/Hex       ###.......   32%         4    ####...
 Iskenderun's Mystic Bla  Conj/Tloc      ###.....     32%         4    ####...


Dungeon Overview and Level Annotations

Branches:
Dungeon (3/15)

Altars:
Nemelex Xobeh


Message History

The orc priest mumbles some strange prayers to Beogh against you.
Pain shoots through your body!
* * * LOW HITPOINT WARNING * * *
Things that are here:
a stone; a kobold corpse You see here a stone.
You see here a stone.
Casting: Searing Ray (safe; 1% risk of failure)
Confirm with . or Enter, or press ? or * to list all spells.
Aiming: Searing Ray (safe; 1% risk of failure)
Press: ? - help, Shift-Dir - straight line, f - orc priest
Aim: an orc priest The searing ray hits the orc priest!
The orc priest is severely wounded. (Press . to maintain the ray.)
The searing ray misses the orc priest.
The orc priest mumbles some strange prayers to Beogh against you.
Beogh smites you!
Ouch! That really hurt!
You die...

#.........#.....##
#.................
#..........###.###
#..............# #
#.........###### #
#o#.###.### #.#.#
#.# #.#.# #.#
#@#.# #.# #.#.#
#.# #.#o# #.#
#...###.#
#(#..##.#
#.#⌠.⌠#.#
#..._...# .
######⌠.⌠..# ...
.....<...†..#.....


You could see an orc priest.

Vanquished Creatures
  An orc priest (D:3)
  4 adders
  2 worms (D:2)
  3 dart slugs
  5 leopard geckos
  8 orcs
  A ball python (D:2)
  6 bats
  A giant cockroach (D:1)
  6 goblins
  10 hobgoblins
  4 jackals (D:2)
  5 kobolds
  7 frilled lizards
  4 rats
67 creatures vanquished.

Notes
Turn   | Place    | Note
-------+----------+-------------------------------------------
     0 | D:1      | thirtiethelement the Deep Elf Conjurer began the quest for
                  | the Orb.
     0 | D:1      | Reached XP level 1. HP: 10/10 MP: 6/6
   201 | D:1      | Reached XP level 2. HP: 15/15 MP: 1/8
   689 | D:1      | Reached skill level 5 in Conjurations
  1252 | D:2      | Reached XP level 3. HP: 19/19 MP: 4/9
  1256 | D:2      | Learned a level 2 spell: Searing Ray
  1886 | D:2      | Reached XP level 4. HP: 24/24 MP: 2/11
  2785 | D:3      | Reached skill level 6 in Conjurations
  2803 | D:3      | Found a sparkling altar of Nemelex Xobeh.
  2814 | D:3      | Reached XP level 5. HP: 16/28 MP: 8/13
  2846 | D:3      | Killed from afar by an orc priest

Illustrated notes

Levels and vault maps discovered:
D:1:      dpeg_arrival_rooms_b, layout_basic
D:2:      layout_rooms
D:3:      layout_basic, lemuel_round_altar, nemelex_xobeh_ov_fountains_minmay,
          gammafunk_temple_overflow_pools, first_ration,
          hangedman_decor_clover_reticule

Skill      XL: |  1  2  3  4 |
---------------+-------------+-----
Conjurations   | 5 6 |  6.1
Stealth        | 3 |  3.1
Spellcasting   | 4 |  4.5
Dodging        | |  2.8

Action                   |  1- 3 |  4- 6 || total
-------------------------+-------+-------++-------
 Cast: Magic Dart        |    79 |    43 ||   122
       Searing Ray       |       |    10 ||    10
  Use: Scroll            |     4 |       ||     4
  Eat: Chunk             |     3 |     3 ||     6
Armor: Robe              |     1 |     1 ||     2
Dodge: Dodged            |     1 |    14 ||    15

Table legend:
 A = Non-vault XP
 B = Vault XP
 C = Vault XP percentage of total XP
 D = Non-vault monster count
 E = Vault monster count
 F = Vault count percentage of total count
                 A         B        C        D         E       F
            +---------+---------+-------+---------+---------+-------
      Total |     231 |       0 |   0.0 |      67 |       0 |   0.0
            +---------+---------+-------+---------+---------+-------
        D:1 |      30 |       0 |   0.0 |      15 |       0 |   0.0
        D:2 |      95 |       0 |   0.0 |      33 |       0 |   0.0
        D:3 |     106 |       0 |   0.0 |      19 |       0 |   0.0
            +---------+---------+-------+---------+---------+-------
